 Dungeon Crawl Stone Soup version 0.31-a0-1025-g2e47921a08 (webtiles) character file.

Game seed: 15433782935719771934

9 kae the Vexing (level 2, -3/19 HPs)
             Began as a Demonspawn Enchanter on Nov 17, 2023.
             Killed from afar by a dart slug (6 damage)
             ... with a slug dart
             ... on level 1 of the Dungeon.
             The game lasted 00:00:08 (159 turns).

kae the Vexing (Demonspawn Enchanter)                Turns: 159, Time: 00:00:08

Health: -3/19      AC:  2    Str:  8    XL:     2   Next: 6%
Magic:  5/5        EV: 12    Int: 16    God:
Gold:   0          SH:  0    Dex: 13    Spells: 5/5 levels left

rFire   . . .        a - +1 dagger
rCold   . . .        (no shield)
rNeg    . . .        b - +0 robe
rPois   .            (no helmet)
rElec   .            (no cloak)
rCorr   .            (no gloves)
SInv    .            (no boots)
Will    .....        (no amulet)
Stlth   ++           (no ring)
HPRegen 0.23/turn    (no ring)
MPRegen 0.18/turn

%: no passive effects
@: no status effects
A: magic regeneration
a: no special abilities


You were on level 1 of the Dungeon.
You visited 1 branch of the dungeon, and saw 1 of its levels.


Innate Abilities, Weirdness & Mutations

You regenerate magic rapidly.


   Skills:
 * Level 1.3 Short Blades
 - Level 1.7 Dodging
 + Level 2.8 Stealth
 + Level 2.1 Spellcasting
 + Level 3.1 Hexes


You had 5 spell levels left.
You didn't know any spells.
Your spell library contained the following spells:

 Spells                   Type           Power      Damage    Failure   Level
 Ensorcelled Hibernation  Hex/Ice        12%        N/A       16%         2
 Confusing Touch          Hex            11%        N/A       17%         3
 Tukima's Dance           Hex            11%        N/A       17%         3
 Dazzling Flash           Conj/Hex       12%        N/A       32%         3

Inventory:

Hand Weapons
 a - a +1 dagger (weapon)
Missiles
 d - 5 stones
Armour
 b - a +0 robe (worn)
Scrolls
 e - a scroll of fog {unknown}
Potions
 c - 2 potions of invisibility

Dungeon Overview and Level Annotations

Branches:
Dungeon (1/15) Zot: 5840

Altars:

##. #.. ## ..# (.
.. ?# # #. .##.#
#.##....# #....#
#.w..# ##@###
####### #.#
....... #.#
################.#
#................#
#.################
#.# ..# ###


You could see a dart slug.


Message History

A dart slug is nearby!
A dart slug is nearby!
A dart slug is nearby!
The dart slug bites you but does no damage.
You hit the dart slug.
A dart slug is nearby!
You hit the dart slug but do no damage. The dart slug bites you.
You hit the dart slug.
The dart slug barely misses you. 😕 HP[-1]
You take 1 damage, and now have 12/13 hp.
You barely miss the dart slug. You hit the dart slug.
You kill the dart slug! 😎 HP[+1]
Your hp is fully restored (13).
A goblin comes into view. It is wielding a +0 dagger.
A goblin is nearby!
A kobold comes into view. It is wielding a +0 short sword.
The kobold shouts!
A dart slug comes into view.
The kobold moves out of view.
A ball python comes into view.
A giant cockroach comes into view.
The ball python moves out of view.
The goblin shouts!
You hear an angry hiss.
The goblin hits you with a +0 dagger. 😕 HP[-1]
You take 1 damage, and now have 12/13 hp.
There are monsters nearby!
You closely miss the goblin. Your punch misses the goblin.
The goblin hits you but does no damage.
You hit the giant cockroach but do no damage.
The giant cockroach bites you. The goblin hits you but does no damage.
The kobold closely misses you.
There are monsters nearby!
There are monsters nearby!
You closely miss the giant cockroach. The giant cockroach bites you.
The goblin hits you with a +0 dagger. The kobold barely misses you.
You are too injured to fight recklessly! 😮 HP[-4]
You take 4 damage, and now have 8/13 hp.
MASSIVE DAMAGE!! (PAUSE)
The giant cockroach bites you but does no damage.
The kobold attacks as it pursues you!
The kobold hits you with a +0 short sword.
* * * LOW HITPOINT WARNING * * *
The kobold completely misses you.
The giant cockroach closely misses you. 😨 HP[-3]
You take 3 damage, and now have 5/13 hp.
MASSIVE DAMAGE!! (PAUSE)
You hit the giant cockroach.
The giant cockroach bites you but does no damage.
The kobold hits you but does no damage. 😨 HP[+1] Unknown command.
The giant cockroach attacks as it pursues you!
The giant cockroach barely misses you.
Unknown command.
You hit the giant cockroach but do no damage.
The giant cockroach bites you but does no damage.
You hit the giant cockroach.
You kill the giant cockroach!
You hit the ball python.
You kill the ball python!
You hit the kobold but do no damage. You punch the kobold.
The kobold hits you with a +0 short sword.
* * * LOW HITPOINT WARNING * * *
You closely miss the kobold. The kobold barely misses you. 😨 HP[-1]
You take 1 damage, and now have 5/13 hp.
You barely miss the kobold. The kobold hits you but does no damage.
You barely miss the kobold. The kobold barely misses you.
You hit the kobold.
You kill the kobold!
You have reached level 2!
Your demonic ancestry asserts itself...
Your magic begins to regenerate rapidly. 😨 HP[+3] MP[+2]
You now have 19 max hp (+6).
You regained 3 hp, and now have 8/19 hp.
Your mp is fully restored (5).
You hit the goblin. The goblin hits you with a +0 dagger.
* * * LOW HITPOINT WARNING * * *
😨 HP[-2]
You take 2 damage, and now have 6/19 hp.
You barely miss the goblin. The goblin misses you. 😨 HP[+1]
You hit the goblin.
You kill the goblin!
The dart slug launches a dart at you. The slug dart hits you.
* * * LOW HITPOINT WARNING * * *
Unknown command. 😱 HP[-4]
You take 4 damage, and now have 3/19 hp.
MASSIVE DAMAGE!! (PAUSE)
Items here: ( )) †††.
You hit the dart slug. The dart slug launches a dart at you.
The slug dart hits you.
You die...

Skill      XL: |  1 |
---------------+----+-----
Short Blades   | 1 |  1.3
Dodging        | |  1.7
Stealth        | |  2.8
Spellcasting   | |  2.1
Hexes          | |  3.1

Action                     || total
---------------------------++-------
  Melee: Dagger            ||    22
         Punch             ||     1
   Stab: Sleeping          ||     1
 Armour: Robe              ||    18
  Dodge: Dodged            ||     9

Levels and vault maps discovered:
D:1:      saegor_arrival_simple_d, layout_loops_ring,
          shapermc_ecumenical_altar_starsandcircs, minivault_11,
          minmay_tetromino_o4

Notes
Turn   | Place    | Note
-------+----------+-------------------------------------------
     0 | D:1      | kae the Demonspawn Enchanter began the quest for the Orb.
     0 | D:1      | Reached XP level 1. HP: 13/13 MP: 3/3
     0 | D:1      | magus.rc [v1.11.3]
    78 | D:1      | Reached skill level 1 in Short Blades
   155 | D:1      | Gained mutation: You regenerate magic rapidly. [demonic
                  | ancestry]
   155 | D:1      | Reached XP level 2. HP: 8/19 MP: 5/5
   157 | D:1      | HP: 3/19 [dart slug/slug dart (4)]
   159 | D:1      | Killed from afar by a dart slug

Vanquished Creatures
  2 dart slugs (D:1)
  A giant cockroach (D:1)
  A goblin (D:1)
  A ball python (D:1)
  A kobold (D:1)
6 creatures vanquished.

Table legend:
 A = Non-vault XP
 B = Vault XP
 C = Vault XP percentage of total XP
 D = Non-vault monster count
 E = Vault monster count
 F = Vault count percentage of total count
                 A         B        C        D         E       F
            +---------+---------+-------+---------+---------+-------
      Total |       9 |       5 |  35.7 |       3 |       3 |  50.0
            +---------+---------+-------+---------+---------+-------
        D:1 |       9 |       5 |  35.7 |       3 |       3 |  50.0
            +---------+---------+-------+---------+---------+-------

Skill      XL: |  1 |
---------------+----+-----
Short Blades   | 1 |  1.3
Dodging        | |  1.7
Stealth        | |  2.8
Spellcasting   | |  2.1
Hexes          | |  3.1

Action                     || total
---------------------------++-------
  Melee: Dagger            ||    22
         Punch             ||     1
   Stab: Sleeping          ||     1
 Armour: Robe              ||    18
  Dodge: Dodged            ||     9

Illustrated notes

Table legend:
 A = Kills in this place as a percentage of kills in the entire game.
 B = Kills by you in this place as a percentage of kills by you in the entire game.
 C = Kills by friends in this place as a percentage of kills by friends in the entire game.
 D = Other kills in this place as a percentage of other kills in the entire game.
 E = Experience gained in this place as a percentage of experience gained in the entire game.
 F = Experience gained in this place divided by the number of levels of this place that you have seen.
                   A       B       C       D       E      F
               +-------+-------+-------+-------+-------+----------------------
         Total | 100.0 | 100.0 |   N/A |   N/A | 100.0 |  14.0
       Dungeon | 100.0 | 100.0 |   N/A |   N/A | 100.0 |  14.0
               +-------+-------+-------+-------+-------+----------------------

Table legend: (Time is in decaauts)
 A = Elapsed time spent in this place.
 B = Non-inter-level travel time spent in this place.
 C = Inter-level travel time spent in this place.
 D = Time resting spent in this place.
 E = Time spent auto-exploring this place.
 F = Levels seen in this place.
 G = Mean time per level.
                   A        B        C        D        E       F      G
               +--------+--------+--------+--------+--------+-----+--------+
         Total |    158 |    158 |      0 |      0 |    114 |   1 |  158.0 |
       Dungeon |    158 |    158 |      0 |      0 |    114 |   1 |  158.0 |
               +--------+--------+--------+--------+--------+-----+--------+

Top non-repeatable levels by time:
     D:1: 158 daAuts
